 Dungeon Crawl Stone Soup version 0.13.0-18-g7b03ea5 (webtiles) character file.

288 Piginabag the Skirmisher (level 5, 0/48 HPs)
             Began as a Naga Abyssal Knight on Oct 22, 2013.
             Was a Priest of Lugonu.
             Slain by an orc
             ... wielding a +0,+1 orcish whip
              (5 damage)
             ... on Level 3 of the Dungeon.
             The game lasted 00:15:27 (3886 turns).

Piginabag the Skirmisher (Naga Abyssal Knight)      Turns: 3886, Time: 00:15:27

HP   0/48        AC  3     Str 15      XL: 5   Next: 36%
MP   6/6         EV  9     Int 13      God: Lugonu [***...]
Gold 134         SH  0     Dex 10      Spells:  0 memorised,  4 levels left

Res.Fire  : . . .   See Invis. : +   a - +2 short sword
Res.Cold  : . . .   Warding    : .   b - +0 leather armour
Life Prot.: . . .   Conserve   : +   (no shield)
Res.Poison: +       Res.Corr.  : .   (no helmet)
Res.Elec. : .       Clarity    : .   (no cloak)
Sust.Abil.: . .     Spirit.Shd : .   (no gloves)
Res.Mut.  : .       Stasis     : .   (no barding)
Res.Rott. : .       Flight     : .   f - amulet of conservation
Saprovore : . . .                    (no ring)
                                     (no ring)

@: very slow, slightly resistant to hostile enchantments, unstealthy
A: spit poison, see invisible, deformed body, poison resistance, slowness 2, AC
+1
a: Spit Poison, Depart the Abyss, Bend Space, Banish, Renounce Religion


You were on level 3 of the Dungeon.
You worshipped Lugonu.
Lugonu was most pleased with you.
You were not hungry.

You visited 1 branch of the dungeon, and saw 3 of its levels.
You visited the Abyss 1 time.

You collected 114 gold pieces.

Inventory:

Hand weapons
 a - a +2,+2 short sword (weapon)
Armour
 b - a +0 leather armour (worn)
Comestibles
 o - a bread ration
Scrolls
 e - a scroll of enchant armour {unknown}
 i - 2 scrolls of identify
 j - a scroll of curse weapon {unknown}
 l - a scroll of random uselessness {unknown}
 m - 2 scrolls of enchant weapon I {unknown}
 n - 2 scrolls of curse jewellery {unknown}
 r - a scroll of remove curse {unknown}
 s - a scroll of enchant weapon II {unknown}
Jewellery
 f - an amulet of conservation (around neck)
Potions
 d - 3 potions of curing {unknown}
 h - a potion of porridge {unknown}
 p - a potion of might {unknown}


   Skills:
 + Level 3.6 Fighting
 + Level 3.1 Short Blades
 + Level 2.7 Armour
 + Level 1.8 Dodging
 + Level 0.9 Stealth
 + Level 2.3 Invocations


You had 4 spell levels left.
You didn't know any spells.

Dungeon Overview and Level Annotations

Branches:
Dungeon (3/27)

Altars:
Fedhas
Okawaru

Annotations:
Abyss:1 Terence


Innate Abilities, Weirdness & Mutations

You cannot wear boots.
You can spit poison.
Your serpentine skin is tough (AC +1).
You have supernaturally acute eyesight.
Armour fits poorly on your strangely shaped body.
Your system is resistant to poisons.
You cover ground very slowly.


Message History

The orc hits you with an orcish whip.
You closely miss the orc.
The orc is severely wounded.
The orc hits you with an orcish hand axe!
The orc barely misses you.
You hit the orc.
The orc is almost dead.
The orc hits you with an orcish whip.
* * * LOW HITPOINT WARNING * * *
The orc hits you with an orcish hand axe.
* * * LOW HITPOINT WARNING * * *
You closely miss the orc.
The orc is almost dead.
The orc hits you with an orcish hand axe.
* * * LOW HITPOINT WARNING * * *
The orc closely misses you.
You hit the orc but do no damage.
The orc is almost dead.
The orc hits you with an orcish whip.
You die...

######........##########..
####...### ### ##.###
#...### #.....# .. #..)..#
.....##.)_..#####
.>......)........
..#..###@#.......
#....oo........
##.#...#.##### #.....#
#.... # ...... .#.....
.#.#.#.# ...


You could see 2 orcs.

Vanquished Creatures
  An orc priest (D:2)
  3 adders
  3 gnolls
  An ooze (D:2)
  2 orcs (D:2)
  9 goblins
  11 hobgoblins
  2 jackals (D:3)
  6 kobolds
  A quokka (D:3)
  4 bats
  3 giant cockroaches
  7 giant newts
  15 rats (D:1)
68 creatures vanquished.

Notes
Turn   | Place    | Note
--------------------------------------------------------------
     0 | Abyss:1  | Piginabag, the Naga Abyssal Knight, began the quest for the Orb.
     0 | Abyss:1  | Reached XP level 1. HP: 19/19 MP: 1/1
     4 | Abyss:1  | Found a corrupted altar of Lugonu.
    29 | Abyss:1  | Noticed a large abomination
    30 | D:1      | Escaped the Abyss
   133 | D:1      | Acquired Lugonu's first power
   279 | D:1      | Reached XP level 2. HP: 6/26 MP: 2/2
   281 | D:1      | Reached skill level 1 in Dodging
  1203 | D:1      | Reached XP level 3. HP: 33/33 MP: 4/4
  1809 | D:2      | Acquired Lugonu's second power
  2006 | D:2      | Found an iron altar of Okawaru.
  2027 | D:2      | Reached XP level 4. HP: 10/40 MP: 5/5
  3255 | D:3      | Acquired Lugonu's third power
  3327 | D:3      | Noticed Terence
  3328 | D:3      | Found a blossoming altar of Fedhas.
  3331 | D:3      | Banished Terence
  3331 | D:3      | Reached XP level 5. HP: 45/48 MP: 6/6
  3886 | D:3      | Slain by an orc

Action                   |  1- 3 |  4- 6 || total
-------------------------+-------+-------++-------
Melee: Short sword       |   138 |   108 ||   246
Invok: Depart the Abyss  |     1 |       ||     1
       Banish            |       |     1 ||     1
 Abil: Spit Poison       |       |     3 ||     3
  Use: Scroll            |       |     5 ||     5
